 Seeded DCSS version 0.31-a0-1-g4198be8af4 (webtiles) character file.

Game seed: 548224908236487523 (custom seed)

6807 Pimp the Spear-Bearer (level 11, -1/78 HPs)
             Began as a Barachi Summoner on May 3, 2023.
             Was an Initiate of Cheibriados.
             Slain by a wyvern (6 damage)
             ... on level 10 of the Dungeon.
             The game lasted 00:37:05 (11289 turns).

Pimp the Spear-Bearer (Barachi Summoner)           Turns: 11289, Time: 00:37:05

Health: -1/78      AC: 17    Str: 14    XL:     11   Next: 5%
Magic:  6/15       EV: 12    Int: 16    God:    Cheibriados [......]
Gold:   528        SH:  0    Dex: 15    Spells: 3/16 levels left

rFire   + + +        s - +8 lance "Wyrmbane" {slay drac, rPois rF+ rC+ AC+3}
rCold   . . .        (no shield)
rNeg    + . .        r - +1 fire dragon scales "Ogar" {rF++ rC- rN+ SInv}
rPois   +            (helmet restricted)
rElec   .            w - scarf {repulsion}
rCorr   .            (no gloves)
SInv    +            m - +1 pair of boots
Will    .....        (no amulet)
Stlth   +            (no ring)
HPRegen 0.33/turn    (no ring)
MPRegen 0.14/turn

%: repel missiles
@: unable to hop, very slow
A: amphibious, slowness 1, strong legs 1, +LOS, antennae 1, teleportitis 1
a: Hop, Renounce Religion


You were on level 10 of the Dungeon.
You worshipped Cheibriados.
Cheibriados was noncommittal.
You visited 2 branches of the dungeon, and saw 11 of its levels.
You also visited: Bailey.

You collected 588 gold pieces.
You spent 60 gold pieces at shops.

Inventory:

Hand Weapons
 b - the +1 demon blade of Eternal Vigilance {venom, Str-4 Dex+5 SInv}
   (You took it off a gnoll in a bailey)

   Str:       It affects your strength (-4).
   Dex:       It affects your dexterity (+5).
   SInv:      It lets you see invisible.
 c - a +0 dagger
 d - a +0 hand axe of flaming
 g - a +0 spear
 s - the +8 lance "Wyrmbane" (weapon) {slay drac, rPois rF+ rC+ AC+3}
   (You found it on level 3 of the Dungeon)

   AC:        It affects your AC (+3).
   rF:        It protects you from fire.
   rC:        It protects you from cold.
   rPois:     It protects you from poison.
Missiles
 G - 6 throwing nets
Armour
 a - a +0 robe
 i - a +0 cloak
 m - a +1 pair of boots (worn)
 n - a +0 ring mail
 r - the +1 fire dragon scales "Ogar" (worn) {rF++ rC- rN+ SInv}
   (You took it off a gnoll in a bailey)

   rF:        It greatly protects you from fire.
   rC:        It makes you vulnerable to cold.
   rN:        It protects you from negative energy.
   SInv:      It lets you see invisible.
 w - a scarf of repulsion (worn)
 x - a +0 cloak of preservation
Jewellery
 l - a ring of positive energy
 p - a ring of ice
 L - a ring of fire
Wands
 f - a wand of acid (6)
 t - a wand of paralysis (12) (quivered)
 A - a wand of polymorph (15)
 B - a wand of roots (6)
 D - a wand of mindburst (24)
 I - a wand of flame (27)
Scrolls
 j - 2 scrolls of enchant armour
 k - a scroll of fog
 o - 3 scrolls of noise
 q - 5 scrolls of identify
 v - a scroll of poison
 y - a scroll of torment
 C - a scroll of immolation
 K - 2 scrolls of amnesia {unknown}
 M - a scroll of silence {unknown}
 N - a scroll of teleportation {unknown}
 P - a scroll of magic mapping
Potions
 e - 2 potions of ambrosia
 h - a potion of flight
 u - 2 potions of degeneration
 z - a potion of attraction
 E - a potion of curing
 F - a potion of might
 H - a potion of lignification {unknown}
 J - a potion of berserk rage {unknown}
 O - a potion of cancellation {unknown}


   Skills:
 - Level 4.7 Fighting
 - Level 10.1 Polearms
 + Level 8.9 Armour
 + Level 8.8 Dodging
 - Level 3.0 Stealth
 - Level 3.2 Spellcasting
 * Level 6.8 Summonings
 * Level 3.2 Air Magic


You had 3 spell levels left.
You knew the following spells:

 Your Spells              Type           Power      Damage    Failure   Level
a - Summon Small Mammal   Summ           96%        N/A       4%          1
b - Call Imp              Summ           48%        N/A       8%          2
c - Call Canine Familiar  Summ           24%        N/A       14%         3
d - Summon Guardian Gole  Hex/Summ       13%        N/A       52%         3
e - Summon Lightning Spi  Summ/Air       18%        N/A       69%         4

Your spell library contained the following spells:

 Spells                   Type           Power      Damage    Failure   Level
 Blink                    Tloc           4%         N/A       77%         2
 Lesser Beckoning         Tloc           4%         N/A       77%         2
 Momentum Strike          Conj/Tloc      4%         3d8       77%         2
 Portal Projectile        Hex/Tloc       4%         N/A       94%         3
 Tukima's Dance           Hex            2%         N/A       94%         3
 Blade Hands              Tmut           1%         N/A       100%        5


Dungeon Overview and Level Annotations

Branches:
Dungeon (10/15)            Temple (1/1) D:5            Lair (0/5) D:9
 Bailey (visited)
    Orc: D:9-12

Altars:
Ashenzari
Cheibriados
Elyvilon
Fedhas
Gozag
Hepliaklqana
Nemelex Xobeh
Okawaru
Qazlal
Ru
Sif Muna
Uskayaw
Vehumet
Wu Jian
Xom
Yredelemnul
Zin
The Shining One

Shops:
D:4 *   D:8 ?

Annotations:
D:6 Pooter's ghost, novice MiBe
D:9 1 runed translucent door


Innate Abilities, Weirdness & Mutations

You are amphibious.
You cover ground slowly.
You can hop short distances.
You have an extended range of vision and can be seen from far away.
You have a pair of small antennae on your head.
You are occasionally teleported next to monsters.


Message History

The wyvern bites you but does no damage.
Your cerulean imp hits Joseph but does no damage.
You hit Joseph.
Joseph is heavily wounded.
Joseph hits you with a +0 quarterstaff. The wyvern bites you!
You hit Joseph.
Joseph is severely wounded.
Your cerulean imp hits Joseph with a -2 spear.
Joseph hits you with a +0 quarterstaff. The wyvern closely misses you.
You puncture Joseph!
Joseph is almost dead.
You puncture Joseph!
You kill Joseph!
Cheibriados appreciates the change of pace.
The wyvern bites you!
* * * LOW HITPOINT WARNING * * *
Your cerulean imp hits the wyvern with a -2 spear.
Your Air Magic skill increases to level 3!
The wyvern bites you but does no damage.
Your cerulean imp hits the wyvern but does no damage.
Casting: Summon Guardian Golem (dangerous; 52% risk of failure)
Confirm with . or Enter, or press ? or * to list all spells.
The wyvern bites you but does no damage.
Your cerulean imp hits the wyvern but does no damage.
The wyvern bites you.
* * * LOW HITPOINT WARNING * * *
Okay, then.
Okay, then.
Hop to where?
Press: ? - help, Dir - move target Boing!
Your hound bites the wyvern.
Your cerulean imp hits the wyvern from afar with a -2 spear.
Your hound bites the wyvern.
The wyvern bites you.
* * * LOW HITPOINT WARNING * * *
You hit the wyvern.
The wyvern is severely wounded.
Your hound bites the wyvern but does no damage.
The wyvern bites you.
You die...

..<.......#......#####
#######...#._.....#..##
###.#...........#
###..#........# .###
####........## ....##
#.........# .......#
#[........# ........
#.........#
........####..@......#
.......!....hl.......#
)..........5.........#
....................##
................#####
.......)†°.......#
.................#
..................#
...................#


You could see a wyvern (ally target), a friendly hound (summoned) and a friendly
cerulean imp (summoned).

Vanquished Creatures
  Pikel (D:5)
  Maurice (D:9)
  Joseph (D:10)
  A gargoyle (D:7)
  A wraith (D:9)
  A wyvern (D:10)
  A steam dragon (D:9)
  A vampire mosquito (D:7)
  An acid dragon (D:7)
  Duvessa (D:7)
  3 nameless horrors
  A water moccasin (D:7)
  2 orc warriors (D:8)
  A sky beast (D:8)
  2 black bears
  3 ice beasts
  3 ogres
  A wolf (Bailey)
  4 centaurs
  2 phantoms
  A kobold brigand (D:8)
  3 bullfrogs
  4 gnoll sergeants (Bailey)
  2 scorpions (D:5)
  Dowan (D:7)
  A gnoll bouda (Bailey)
  6 orc priests
  2 hounds
  4 iguanas
  5 orc wizards
  16 gnolls
  3 adders
  2 shadow imps (D:5)
  A white imp (D:7)
  An ufetubus (D:5)
  2 worms
  2 dart slugs
  19 orcs
  2 bats
  5 endoplasms
  A giant cockroach (D:2)
  11 goblins
  6 hobgoblins
  2 jackals (D:1)
  7 kobolds
  4 ball pythons
  A frilled lizard (D:1)
  A rat (D:3)
147 creatures vanquished.

Vanquished Creatures (collateral kills)
  A wolf (Bailey)
  A gnoll sergeant (Bailey)
  2 jellies
  A hound (D:5)
  5 gnoll boudas
  An orc priest (D:3)
  3 adders
  9 gnolls
  A shadow imp (D:5)
  3 worms
  7 orcs
  A bat (D:3)
  5 endoplasms
  A giant cockroach (D:2)
  3 goblins
  5 hobgoblins
  A jackal (D:1)
  2 quokkas
  3 ball pythons
  A frilled lizard (D:1)
  A goblin skeleton (D:9)
  A jackal skeleton (D:9)
  3 kobolds (D:8)
  3 rats (D:2)
64 creatures vanquished.

Vanquished Creatures (others)
  A skeletal warrior (D:7)
  3 wolves (Bailey)
  2 gnoll sergeants (Bailey)
  2 hounds (Bailey)
  4 gnolls (Bailey)
  9 plants (D:7)
21 creatures vanquished.

Grand Total: 232 creatures vanquished

Notes
Turn   | Place    | Note
-------+----------+-------------------------------------------
     0 | D:1      | Pimp the Barachi Summoner began the quest for the Orb.
     0 | D:1      | Reached XP level 1. HP: 13/13 MP: 3/3
   215 | D:1      | Reached XP level 2. HP: 16/19 MP: 3/5
   252 | D:1      | Reached skill level 5 in Summonings
   759 | D:2      | Reached XP level 3. HP: 17/24 MP: 3/6
  1031 | D:2      | Reached XP level 4. HP: 30/30 MP: 3/8
  1393 | D:2      | Found a faded altar of an unknown god.
  2201 | D:3      | Learned a level 2 spell: Call Imp
  2205 | D:3      | Learned a level 3 spell: Call Canine Familiar
  2292 | D:3      | Reached XP level 5. HP: 29/35 MP: 9/9
  2398 | D:3      | Reached skill level 1 in Polearms
  2597 | D:3      | Reached skill level 1 in Armour
  2782 | D:3      | Found a shimmering altar of Xom.
  3107 | D:3      | Found the +8 lance "Wyrmbane" {slay drac, rPois rF+ rC+
                  | AC+3}
  3423 | D:4      | Reached XP level 6. HP: 40/41 MP: 0/10
  3523 | D:4      | Reached skill level 2 in Polearms
  3751 | D:4      | Noticed a black bear
  3762 | D:4      | Killed a black bear
  3763 | D:4      | Reached skill level 3 in Polearms
  3836 | D:4      | Found Wiajugh's General Store.
  3839 | D:4      | Bought a potion of heal wounds for 60 gold pieces
  3938 | D:4      | Reached XP level 7. HP: 23/46 MP: 11/11
  4199 | D:5      | Entered Level 5 of the Dungeon
  4225 | D:5      | Reached skill level 4 in Polearms
  4343 | D:5      | Reached skill level 5 in Dodging
  4451 | D:5      | Found a staircase to the Ecumenical Temple.
  4493 | D:5      | Reached skill level 5 in Polearms
  4493 | D:5      | Reached XP level 8. HP: 42/52 MP: 7/12
  4646 | D:5      | Noticed Pikel
  4698 | Temple   | Entered the Ecumenical Temple
  4881 | D:5      | Gained mutation: You are occasionally teleported next to
                  | monsters. [potion of mutation]
  4881 | D:5      | Gained mutation: You have a pair of small antennae on your
                  | head. [potion of mutation]
  4899 | D:5      | Killed Pikel
  4900 | D:5      | Reached skill level 6 in Polearms
  4900 | D:5      | Reached skill level 5 in Armour
  5039 | D:5      | Learned a level 3 spell: Summon Guardian Golem
  5215 | D:5      | Found a sparkling altar of Nemelex Xobeh.
  5316 | D:5      | Reached skill level 7 in Polearms
  5316 | D:5      | Reached XP level 9. HP: 51/55 MP: 4/13
  6142 | D:6      | Found a runed translucent door.
  6150 | D:6      | Noticed Pooter's ghost (novice MiBe)
  6401 | D:7      | Reached skill level 8 in Polearms
  6494 | D:7      | Noticed Dowan
  6495 | D:7      | Noticed Duvessa
  6516 | D:7      | Killed Duvessa
  6553 | D:7      | Killed Dowan
  6741 | D:7      | Found a blossoming altar of Fedhas.
  6933 | D:7      | Noticed a gargoyle
  6943 | D:7      | Noticed a skeletal warrior
  7011 | D:7      | Killed a gargoyle
  7012 | D:7      | Reached skill level 1 in Fighting
  7218 | D:7      | Killed a skeletal warrior
  7219 | D:7      | Reached skill level 9 in Polearms
  7219 | D:7      | Reached XP level 10. HP: 56/70 MP: 9/14
  7486 | D:8      | Found a flagged portal.
  7597 | Bailey   | Entered a bailey
  8410 | Bailey   | Identified the +1 demon blade of Eternal Vigilance {venom,
                  | Str-4 Dex+5 SInv}
  8410 | Bailey   | Identified the +1 fire dragon scales "Ogar" {rF++ rC- rN+
                  | SInv}
  9453 | D:8      | Found Tutioptimo's Magic Scroll Boutique.
  9464 | D:8      | Reached skill level 10 in Polearms
  9859 | D:8      | Learned a level 4 spell: Summon Lightning Spire
  9905 | D:8      | Noticed a nameless horror
  9911 | D:8      | Killed a nameless horror
 10404 | D:9      | Reached skill level 1 in Air Magic
 10597 | D:9      | Found a runed translucent door.
 10601 | D:9      | Found a basalt altar of Yredelemnul.
 10775 | D:9      | Noticed Maurice
 10803 | D:9      | Killed Maurice
 10869 | D:9      | Found an opulent altar of Gozag.
 10869 | D:9      | Found an ornate altar of the Wu Jian Council.
 11015 | D:9      | Found a staircase to the Lair.
 11226 | D:10     | Entered Level 10 of the Dungeon
 11241 | D:10     | Found a snail-covered altar of Cheibriados.
 11245 | D:10     | Became a worshipper of Cheibriados the Contemplative
 11258 | D:10     | Noticed Joseph
 11272 | D:10     | Reached XP level 11. HP: 54/78 MP: 7/15
 11283 | D:10     | Killed Joseph
 11289 | D:10     | Slain by a wyvern

Illustrated notes

Levels and vault maps discovered:
D:1:      evilmike_arrival_rings, layout_rooms, serial_glass, glass_columns_c,
          glass_columns_a, glass_columns_a, glass_columns_a
D:2:      layout_loops_corners, shapermc_ecumenical_altar_totnotflames
D:3:      corexii_shack_village, layout_loops_ring, amcnicky_altar_gilded,
          st_stairs_13, chequers_serial_rivers_room_a
D:4:      minmay_angry_zag, layout_rooms, serial_shops, kennysheep_mini
D:5:      nicolae_cairo_tiling, layout_basic, nemelex_altar_shiori,
          temple_statues, minmay_misc_feat_tiny, uniq_pikel
D:6:      layout_loops_ring, ebering_ghost_sewer_d
D:7:      layout_loops_ring, fedhas_altar_decomposition, kb_rosetta,
          uniq_duvessa
D:8:      layout_basic, serial_shops, nicolae_shop_statue_plus, enter_bailey_5
D:9:      layout_loops_ring, dk_yredelemnul_ordeal,
          gammafunk_temple_overflow_pools, lair_entry_dummy, uniq_maurice
D:10:     layout_cave_pods, mainiacjoe_overflow_alcove_1,
          trog_three_pillars_becter, grunt_temple_overflow_open, uniq_lodul,
          uniq_joseph
Temple:   bh_familiar_temple

Skill      XL: |  1  2  3  4  5  6  7  8  9 10 11 |
---------------+----------------------------------+-----
Stealth        | 2 3 |  3.0
Summonings     | 5 6 |  6.8
Dodging        | 3 4 5 6 7 8 |  8.8
Spellcasting   | 3 |  3.2
Polearms       | 1 3 5 7 9 10 | 10.1
Armour         | 1 2 4 5 7 8 |  8.9
Fighting       | 3 4 |  4.7
Air Magic      | 2 3 |  3.2

Action                     |  1- 3 |  4- 6 |  7- 9 | 10-12 || total
---------------------------+-------+-------+-------+-------++-------
  Melee: Hand axe          |    28 |     1 |       |       ||    29
         Unarmed           |     6 |       |       |       ||     6
         Dagger            |     2 |       |       |       ||     2
         Spear             |       |   109 |       |       ||   109
         Punch             |       |     2 |       |     3 ||     5
         Lance             |       |    49 |   196 |   303 ||   548
   Cast: Summon Small Mamm |    33 |    40 |    11 |     3 ||    87
         Call Imp          |       |    15 |    26 |    28 ||    69
         Call Canine Famil |       |    12 |    18 |    17 ||    47
         Summon Guardian G |       |       |     3 |    16 ||    19
Ability: Hop               |       |     1 |     1 |     2 ||     4
  Evoke: Wand              |       |       |     2 |       ||     2
    Use: Scroll            |     3 |     7 |     5 |     1 ||    16
         Potion            |     1 |     3 |     6 |     5 ||    15
   Stab: Sleeping          |     3 |     4 |     1 |       ||     8
         Distracted        |       |     3 |     3 |     2 ||     8
         Paralysed         |       |       |     1 |       ||     1
 Armour: Robe              |     8 |    39 |       |       ||    47
         Ring mail         |       |       |    65 |    58 ||   123
         Fire dragon scale |       |       |       |    52 ||    52
  Dodge: Dodged            |    44 |   119 |    97 |   255 ||   515
         Repelled          |       |       |     3 |     5 ||     8

Table legend: (Time is in decaauts)
 A = Elapsed time spent in this place.
 B = Non-inter-level travel time spent in this place.
 C = Inter-level travel time spent in this place.
 D = Time resting spent in this place.
 E = Time spent auto-exploring this place.
 F = Levels seen in this place.
 G = Mean time per level.
                   A        B        C        D        E       F      G
               +--------+--------+--------+--------+--------+-----+--------+
         Total |  12416 |  12097 |    319 |   2490 |   6289 |  12 | 1034.7 |
       Dungeon |  10326 |  10030 |    296 |   1509 |   5961 |  10 | 1032.6 |
        Temple |    211 |    189 |     22 |      2 |    177 |   1 |  211.0 |
        Bailey |   1878 |   1878 |      0 |    979 |    151 |   1 | 1878.0 |
               +--------+--------+--------+--------+--------+-----+--------+

Top non-repeatable levels by time:
  Bailey: 1878 daAuts
     D:2: 1469 daAuts
     D:3: 1403 daAuts
     D:7: 1397 daAuts
     D:5: 1319 daAuts
     D:8: 1165 daAuts
     D:1: 979 daAuts
     D:9: 965 daAuts
     D:4: 852 daAuts
     D:6: 703 daAuts
  Temple: 211 daAuts
    D:10: 69 daAuts
